 Dungeon Crawl Stone Soup version 0.31.0-32-g396128a36d (webtiles) character file.

Game seed: 7670971391999965182

45 kougar the Shooter (level 3, -1/33 HPs)
             Began as a Naga Hunter on Apr 14, 2024.
             Slain by a goblin
             ... wielding a +0 dagger
              (2 damage)
             ... on level 2 of the Dungeon.
             The game lasted 00:03:02 (1190 turns).

kougar the Shooter (Naga Hunter)                    Turns: 1190, Time: 00:03:03

Health: -1/33      AC:  2    Str: 13    XL:     3   Next: 64%
Magic:  3/3        EV: 10    Int:  9    God:
Gold:   91         SH:  0    Dex: 16    Spells: 2/2 levels left

rFire   . . .        i - +2 dagger (flame)
rCold   . . .        (no shield)
rNeg    . . .        c - +0 leather armour
rPois   +            (no helmet)
rElec   .            (no cloak)
rCorr   .            (no gloves)
SInv    +            (no barding)
Will    .....        (no amulet)
Stlth   ++           (no ring)
HPRegen 0.25/turn    (no ring)
MPRegen 0.08/turn

%: no passive effects
@: very slow
A: AC +1, large, see invisible, deformed body, poison resistance, slowness 2,
spit poison 1, naga tail 1
a: Spit Poison


You were on level 2 of the Dungeon.
You visited 1 branch of the dungeon, and saw 2 of its levels.

You collected 91 gold pieces.

Inventory:

Hand Weapons
 a - a +0 shortbow
 i - a +2 dagger of flaming (weapon)
Missiles
 h - 2 silver javelins
 n - 5 javelins
Armour
 c - a +0 leather armour (worn)
Scrolls
 b - a scroll of butterflies
 e - a scroll of enchant armour {unknown}
 j - a scroll of identify {unknown}
 k - a scroll of noise {unknown}
 l - 2 scrolls of poison {unknown}
 m - a scroll of fear {unknown}
Potions
 d - a potion of magic {unknown}
 f - 2 potions of brilliance {unknown}
 g - 2 potions of curing {unknown}


   Skills:
 + Level 2.8 Fighting
 + Level 4.0 Ranged Weapons
 + Level 2.2 Dodging
 - Level 1.5 Stealth


You had 2 spell levels left.
You didn't know any spells.
Your spell library was empty.

Dungeon Overview and Level Annotations

Branches:
Dungeon (2/15)

Altars:
Wu Jian

Annotations:
D:2 Terence


Innate Abilities, Weirdness & Mutations

Your serpentine skin is tough. (AC +1)
You have supernaturally acute eyesight. (SInv)
Armour fits poorly on your strangely shaped body.
Your system is resistant to poisons. (rPois)
You cover ground very slowly.
You can spit poison.
You have a snake-like lower body.


Message History

The arrow hits the hobgoblin but does no damage.
The hobgoblin is almost dead.
You shoot an arrow. The arrow hits the hobgoblin!
You kill the hobgoblin!
A bat comes into view.
You shoot an arrow. The arrow hits the bat.
You kill the bat!
Terence the Incautious comes into view.
He is wielding a +0 mace.
Found a leather armour.
Terence shouts!
You shoot an arrow.
The arrow hits Terence but does no damage.
You shoot an arrow. The arrow barely misses Terence.
A goblin comes into view. It is wielding a +0 dagger.
You shoot an arrow. The goblin shouts!
The arrow hits Terence but does no damage.
You shoot an arrow.
The arrow hits Terence but does no damage.
A goblin comes into view. It is wielding a +0 club.
Your +2 dagger of flaming bursts into flame!
i - a +2 dagger of flaming (weapon)
Terence hits you with a +0 mace!
The goblin shouts!
You hit Terence but do no damage. Terence barely misses you.
You barely miss Terence. Terence hits you with a +0 mace!
You hit Terence. You burn Terence.
Terence is moderately wounded.
Terence hits you with a +0 mace!
* * * LOW HITPOINT WARNING * * *
You hit Terence. You burn Terence.
Terence is heavily wounded.
Terence hits you with a +0 mace.
* * * LOW HITPOINT WARNING * * *
The goblin hits you with a +0 dagger.
* * * LOW HITPOINT WARNING * * *
You hit Terence but do no damage.
Terence is heavily wounded.
Terence barely misses you. The goblin hits you with a +0 dagger.
You die...

......##.# ..#....#.#
#.###.##.## ## ## .
#..##.#...#####...# ..
##.#....#.......#. ...
##...##...#####... ....
....####.#######.# .....
...............#.#g....[
...........#...#@@......
........#..†.....g......
........##..............
....######.............#
.#..# #.............#
.##.# ##..........### .#
.# #.....#....##
#.####....## #. ..#..


You could see Terence and 2 goblins.

Vanquished Creatures
  2 dart slugs (D:1)
  6 bats
  5 endoplasms
  A giant cockroach (D:1)
  3 goblins
  3 hobgoblins
  6 jackals (D:1)
  2 ball pythons (D:1)
  2 frilled lizards (D:1)
  3 kobolds
  2 rats
35 creatures vanquished.

Notes
Turn   | Place    | Note
-------+----------+-------------------------------------------
     0 | D:1      | kougar the Naga Hunter began the quest for the Orb.
     0 | D:1      | Reached XP level 1. HP: 19/19 MP: 1/1
   150 | D:1      | Reached XP level 2. HP: 26/26 MP: 2/2
   331 | D:1      | Reached XP level 3. HP: 30/33 MP: 3/3
   717 | D:1      | Reached skill level 4 in Ranged Weapons
   993 | D:2      | Found an ornate altar of the Wu Jian Council.
  1180 | D:2      | Noticed Terence
  1189 | D:2      | HP: 1/33 [goblin/+0 dagger (3)]
  1190 | D:2      | Slain by a goblin

Illustrated notes

Levels and vault maps discovered:
D:1:      dpeg_arrival_simpleton_c, layout_basic
D:2:      layout_rooms, basic_altar, minmay_misc_feat_tower, grunt_ministairs_1,
          uniq_terence

Skill      XL: |  1  2  3 |
---------------+----------+-----
Dodging        | 2 |  2.2
Ranged Weapons | 4 |  4.0
Fighting       | |  2.8
Stealth        | |  1.5

Action                     || total
---------------------------++-------
  Melee: Dagger            ||     8
   Fire: Shortbow          ||   116
 Armour: Leather armour    ||    47
  Dodge: Dodged            ||    41
